 Dungeon Crawl Stone Soup version 0.23.1 (webtiles) character file.

Game seed: 12597010073497368169

239 Borgoz the Sneak (level 6, 0/48 HPs)
             Began as a Ghoul Enchanter on Mar 3, 2019.
             Slain by an orc priest
             ... wielding a +0 hand axe
              (2 damage)
             ... on level 4 of the Dungeon.
             The game lasted 00:07:08 (3734 turns).

Borgoz the Sneak (Ghoul Enchanter)                  Turns: 3734, Time: 00:07:09

Health: 0/48       AC:  4    Str: 12    XL:     6   Next: 7%
Magic:  0/8        EV: 12    Int: 10    God:
Gold:   135        SH:  0    Dex: 11    Spells: 6/9 levels left

rFire    . . .     SeeInvis .   a - +1 dagger
rCold    + . .     Gourm    .   (no shield)
rNeg     + + +     Faith    .   p - +0 robe (curse)
rPois    ∞         Spirit   .   (no helmet)
rElec    .         Reflect  .   t - +0 cloak
rCorr    .         Harm     .   (no gloves)
MR       .....                  q - +0 pair of boots
Stlth    ++........             (no amulet)
HPRegen  0.00/turn              (no ring)
MPRegen  0.11/turn              (no ring)

@: very slightly contaminated, rotting, heavily drained
A: rotting body, claws 1, carnivore, cold resistance 1, negative energy
resistance 3, inhibited regeneration, torment resistance, unbreathing
a: no special abilities


You were on level 4 of the Dungeon.
You were not hungry.

You visited 1 branch of the dungeon, and saw 5 of its levels.

You collected 135 gold pieces.

Inventory:

Hand Weapons
 a - a +1 dagger (weapon)
 s - a +4 quarterstaff of chaos
Armour
 p - a cursed +0 robe (worn)
 q - a +0 pair of boots (worn)
 t - a +0 cloak (worn)
Scrolls
 b - a scroll of enchant weapon {unknown}
 c - a scroll of fog {unknown}
 g - 3 scrolls of enchant armour {unknown}
 h - 2 scrolls of fear {unknown}
 i - 2 scrolls of amnesia {unknown}
 j - 2 scrolls of magic mapping {unknown}
 o - a scroll of noise {unknown}
 r - 2 scrolls of remove curse {unknown}
Comestibles
 d - 5 rations


   Skills:
 + Level 1.7(0.1) Fighting
 * Level 2.4(0.8) Short Blades
 + Level 1.3(0.0) Armour
 * Level 3.0(1.3) Dodging
 + Level 4.2(2.5) Stealth
 + Level 2.4(0.7) Spellcasting
 + Level 2.8(1.2) Hexes


You had 6 spell levels left.
You knew the following spells:

 Your Spells              Type           Power        Failure   Level  Hunger
a - Corona                Hex            #......      22%         1    ##.....
b - Ensorcelled Hibernat  Hex/Ice        #.....       38%         2    ###....

Your spell library contained the following spells:

 Spells                   Type           Power        Failure   Level  Hunger
 Confuse                  Hex            #.......     54%         3    ####...
 Tukima's Dance           Hex            #.......     54%         3    ####...
 Dazzling Spray           Conj/Hex       #.....       63%         3    ####...


Dungeon Overview and Level Annotations

Branches:
Dungeon (5/15)
 Temple: D:4-7

Altars:
Qazlal

Shops:
D:4 :(

Annotations:
D:4 Grinder


Innate Abilities, Weirdness & Mutations

Your body is rotting away.
You thrive on raw meat.
You are immune to poison.
You have sharp fingernails.
You are carnivorous and can eat meat at any time.
Your flesh is cold resistant. (rC+)
You are immune to negative energy. (rN+++)
You do not regenerate when monsters are visible.
You are immune to unholy pain and torment.
You can survive without breathing.


Message History

The orc priest is heavily wounded.
Casting: Ensorcelled Hibernation (safe; 38% risk of failure)
Confirm with . or Enter, or press ? or * to list all spells.
Aiming: Ensorcelled Hibernation (safe; 38% risk of failure)
Press: ? - help, Shift-Dir - straight line, f/p - orc priest
Aim: an orc priest, wielding a +0 hand axe and wearing a +0 chain mail (heavily wounded, chance to defeat MR: 33%)
The orc priest easily resists.
The orc priest hits you with a +0 hand axe.
* * * LOW HITPOINT WARNING * * *
You completely miss the orc priest.
The orc priest is heavily wounded.
The orc priest begins to cast a cantrip, but forgets the words!
You hit the orc priest but do no damage.
The orc priest is heavily wounded.
The orc priest hits you with a +0 hand axe.
* * * LOW HITPOINT WARNING * * *
You closely miss the orc priest.
The orc priest is heavily wounded.
The orc priest hits you with a +0 hand axe.
You die...

##################
.[...............#
.##....###.#####.#
.###.#.# #.# #.# .# #...#
#.# #!# .# #.∩.# #.## #@#
.###...###..####o########
.....#...÷...............
..#.#######..#.###...####
..#.# #....# ......#
>.#.# #.#.# ...##.# #.#.#
#.# .) S..# # #.... #.#
#5.... .#.... # #..#.


You could see an orc priest.

Vanquished Creatures
  Crazy Yiuf (D:2)
  A centaur skeleton (D:5)
  A worker ant (D:4)
  A hound zombie (D:4)
  A gnoll (D:4)
  9 adders
  A worm (D:2)
  2 orcs (D:4)
  3 giant cockroaches
  6 goblins
  5 hobgoblins
  8 jackals
  4 kobolds
  2 quokkas (D:2)
  A ball python (D:2)
  A bat (D:1)
  3 frilled lizards
  7 rats
57 creatures vanquished.

Notes
Turn   | Place    | Note
-------+----------+-------------------------------------------
     0 | D:1      | Borgoz the Ghoul Enchanter began the quest for the Orb.
     0 | D:1      | Reached XP level 1. HP: 14/14 MP: 2/2
    37 | D:1      | Reached skill level 1 in Short Blades
   254 | D:1      | Reached XP level 2. HP: 9/20 MP: 3/3
  1377 | D:2      | Reached XP level 3. HP: 15/26 MP: 3/5
  1383 | D:2      | Learned a level 2 spell: Ensorcelled Hibernation
  1771 | D:2      | Reached XP level 4. HP: 13/34 MP: 6/6
  2256 | D:2      | Reached skill level 1 in Fighting
  2291 | D:3      | Reached skill level 1 in Armour
  2458 | D:2      | Found a stormy altar of Qazlal.
  2472 | D:2      | Found a faded altar of an unknown god.
  2745 | D:2      | Found a runed translucent door.
  2746 | D:2      | Noticed Crazy Yiuf
  2755 | D:2      | Killed Crazy Yiuf
  2755 | D:2      | Reached XP level 5. HP: 25/40 MP: 4/7
  2921 | D:4      | Found Umiwizen's Book Shop.
  2928 | D:4      | Reached skill level 4 in Stealth
  2934 | D:4      | Found Ymaug's Antique Weapon Shoppe.
  2960 | D:5      | Entered Level 5 of the Dungeon
  3272 | D:4      | Noticed Grinder
  3457 | D:4      | Reached XP level 6. HP: 25/47 MP: 8/8
  3724 | D:4      | HP: 2/48 [orc priest/divine providence (16)]
  3733 | D:4      | HP: 2/48 [orc priest/+0 hand axe (4)]
  3734 | D:4      | Slain by an orc priest

Skill      XL: |  1  2  3  4  5  6 |
---------------+-------------------+-----
Short Blades   | 1 2 |  2.4
Dodging        | 2 3 |  3.0
Spellcasting   | 2 |  2.4
Fighting       | 1 |  1.7
Armour         | 1 |  1.3
Stealth        | 4 |  4.2
Hexes          | |  2.8

Action                   |  1- 3 |  4- 6 || total
-------------------------+-------+-------++-------
Melee: Dagger            |   138 |   201 ||   339
 Cast: Corona            |     5 |       ||     5
       Ensorcelled Hiber |     3 |    12 ||    15
  Use: Scroll            |       |     3 ||     3
       Potion            |       |     5 ||     5
 Stab: Sleeping          |     6 |    13 ||    19
  Eat: Chunk             |    15 |    13 ||    28
Armor: Robe              |    21 |    31 ||    52
Dodge: Dodged            |   102 |    95 ||   197
